 Dungeon Crawl Stone Soup version 0.31-a0-182-gc5ef74bbde (webtiles) character file.

Game seed: 13274185429975145344

72 Maxmaps the Shooter (level 4, -2/48 HPs)
             Began as a Demonspawn Hexslinger on June 20, 2023.
             Slain by Grinder (3 damage)
             ... on level 3 of the Dungeon.
             The game lasted 00:01:59 (1696 turns).

Maxmaps the Shooter (Demonspawn Hexslinger)         Turns: 1696, Time: 00:02:00

Health: -2/48      AC: 22    Str:  9    XL:     4   Next: 7%
Magic:  5/5        EV:  2    Int: 16    God:
Gold:   103        SH:  0    Dex: 15    Spells: 4/5 levels left

rFire   . . .        a - +1 sling
rCold   . . .        (no shield)
rNeg    . . .        l - melded +0 leather armour
rPois   +            (helmet currently unavailable)
rElec   .            (cloak currently unavailable)
rCorr   .            f - melded +0 pair of gloves
SInv    .            (boots currently unavailable)
Will    .....        (no amulet)
Stlth   +            (no ring)
HPRegen 0.28/turn    (no ring)
MPRegen 0.09/turn

%: no passive effects
@: tree-form (expiring), attractive
A: stationary, stasis, torment immunity, boosted hp, (antennae 1), powered by
death 1
a: no special abilities


You were on level 3 of the Dungeon.
You were a tree.
You visited 1 branch of the dungeon, and saw 3 of its levels.

You collected 103 gold pieces.

Inventory:

Hand Weapons
 a - a +1 sling (weapon)
Armour
 c - a +0 robe
 f - a +0 pair of gloves (melded)
 l - a +0 leather armour (melded)
Jewellery
 j - an amulet of faith
Scrolls
 b - a scroll of poison
 e - a scroll of blinking {unknown}
 h - a scroll of amnesia {unknown}
 i - a scroll of enchant armour {unknown}
 k - a scroll of immolation {unknown}
 m - a scroll of teleportation {unknown}
 n - a scroll of noise {unknown}
Potions
 d - a potion of attraction


   Skills:
 - Level 1.0 Fighting
 - Level 4.0 Ranged Weapons
 - Level 1.7 Dodging
 + Level 1.0 Spellcasting
 - Level 3.0 Hexes


You had 4 spell levels left.
You knew the following spells:

 Your Spells              Type           Power      Damage    Failure   Level
a - Slow                  Hex            40%        N/A       7%          1

Your spell library contained the following spells:

 Spells                   Type           Power      Damage    Failure   Level
 Beastly Appendage        Tmut           0%         N/A       22%         1
 Wereblood                Tmut           0%         N/A       34%         2
 Inner Flame              Hex/Fire       5%         N/A       36%         3
 Portal Projectile        Hex/Tloc       10%        N/A       36%         3
 Cause Fear               Hex            5%         N/A       54%         4
 Spider Form              Tmut/Pois      0%         N/A       56%         3


Dungeon Overview and Level Annotations

Branches:
Dungeon (3/15)

Altars:
Sif Muna

Shops:
D:1 (

Annotations:
D:3 Grinder


Innate Abilities, Weirdness & Mutations

You are a tree.
Your roots penetrate the ground, keeping you stationary.
You cannot be teleported.
You are immune to unholy pain and torment.
Your maximum health is greatly increased.
Your equipment is partially melded.
((You have a pair of small antennae on your head.))
You regenerate a little health from kills.


Message History

You shoot a sling bullet. The sling bullet hits Grinder.
Grinder is heavily wounded.
Your transformation is almost over.
Grinder hits you but does no damage. Grinder barely misses you.
Fire: a) +1 sling
Press: ? - help, Shift-Dir - straight line, f/p - Grinder
Aim: Grinder, carrying a wand of flame (14) (heavily wounded, 55% to hit)
You shoot a sling bullet. The sling bullet barely misses Grinder.
Grinder barely misses you.
Unknown command.
Fire: a) +1 sling
Press: ? - help, Shift-Dir - straight line, f/p - Grinder
Aim: Grinder, carrying a wand of flame (14) (heavily wounded, 55% to hit)
You shoot a sling bullet. The sling bullet hits Grinder.
Grinder is severely wounded.
Grinder hits you.
* * * LOW HITPOINT WARNING * * *
Fire: a) +1 sling
Press: ? - help, Shift-Dir - straight line, f/p - Grinder
Aim: Grinder, carrying a wand of flame (14) (severely wounded, 55% to hit)
You shoot a sling bullet. The sling bullet barely misses Grinder.
Grinder hits you but does no damage.
Unknown command.
Fire: a) +1 sling
Press: ? - help, Shift-Dir - straight line, f/p - Grinder
Aim: Grinder, carrying a wand of flame (14) (severely wounded, 55% to hit)
You shoot a sling bullet.
The sling bullet closely misses Grinder.
Grinder zaps a wand.
The puff of flame hits you but does no damage.
Fire: a) +1 sling
Press: ? - help, Shift-Dir - straight line, f/p - Grinder
Aim: Grinder, carrying a wand of flame (13) (severely wounded, 55% to hit)
You shoot a sling bullet.
The sling bullet hits Grinder but does no damage.
Grinder is severely wounded.
Grinder hits you.
* * * LOW HITPOINT WARNING * * *
You writhe in agony.
You die...

....# ...## ..## ## ###
###### #. ..# .....# #.
#.# ####.# #.#####.###
####.### #......... #
#...... #.<#.##.##.####
#.##.##.##....>5♣.....)#
.....##.....(.##)##.##.#
#...#######.####.##.#
#...# #.####....#
##.########......####
.....##.....####.#
.#...##.....# #..
.#..........# #.#.
......#.....# #...#


You could see Grinder.

Vanquished Creatures
  A gnoll (D:1)
  An adder (D:2)
  2 worms (D:2)
  2 dart slugs
  3 ball pythons (D:1)
  3 endoplasms
  A giant cockroach (D:2)
  4 goblins
  5 hobgoblins
  2 kobolds
  9 bats
  5 frilled lizards
  4 rats
42 creatures vanquished.

Notes
Turn   | Place    | Note
-------+----------+-------------------------------------------
     0 | D:1      | Maxmaps the Demonspawn Hexslinger began the quest for the
                  | Orb.
     0 | D:1      | Reached XP level 1. HP: 15/15 MP: 2/2
    82 | D:1      | Reached skill level 2 in Ranged Weapons
   161 | D:1      | Gained mutation: You have a pair of small antennae on your
                  | head. [demonic ancestry]
   161 | D:1      | Reached XP level 2. HP: 18/21 MP: 3/3
   197 | D:1      | HP: 1/21 [gnoll/+0 club (3)]
   200 | D:1      | Reached skill level 3 in Ranged Weapons
   301 | D:1      | Found Ziosouqu's Weapon Boutique.
   324 | D:1      | Reached XP level 3. HP: 25/26 MP: 4/4
  1123 | D:2      | Gained mutation: You regenerate a little health from kills.
                  | [demonic ancestry]
  1123 | D:2      | Reached XP level 4. HP: 32/32 MP: 5/5
  1124 | D:2      | Found a shimmering blue altar of Sif Muna.
  1534 | D:3      | Reached skill level 4 in Ranged Weapons
  1648 | D:3      | Noticed Grinder
  1653 | D:3      | Paralysed by Grinder for 4 turns
  1660 | D:3      | Paralysed by Grinder for 2 turns
  1668 | D:3      | Paralysed by Grinder for 5 turns
  1679 | D:3      | Paralysed by Grinder for 5 turns
  1696 | D:3      | HP: 1/48 [Grinder (6)]
  1696 | D:3      | Slain by Grinder

Illustrated notes

Levels and vault maps discovered:
D:1:      giann_horns, layout_basic, serial_shops, shop
D:2:      layout_basic, basic_altar, eino_curves_03, due_unseen_surprise
D:3:      layout_loops_cross, old_standard_altar,
          shapermc_ecumenical_altar_mp_urbaneastern, uniq_grinder

Skill      XL: |  1  2  3  4 |
---------------+-------------+-----
Ranged Weapons | 2 3 4 |  4.0
Fighting       | |  1.0
Dodging        | |  1.7
Spellcasting   | |  1.0
Hexes          | |  3.0

Action                     |  1- 3 |  4- 6 || total
---------------------------+-------+-------++-------
   Fire: Sling             |   117 |    36 ||   153
    Use: Potion            |       |     2 ||     2
 Armour: Robe              |    13 |       ||    13
         Skin              |       |     8 ||     8
  Dodge: Dodged            |    28 |     2 ||    30

Table legend: (Time is in decaauts)
 A = Elapsed time spent in this place.
 B = Non-inter-level travel time spent in this place.
 C = Inter-level travel time spent in this place.
 D = Time resting spent in this place.
 E = Time spent auto-exploring this place.
 F = Levels seen in this place.
 G = Mean time per level.
                   A        B        C        D        E       F      G
               +--------+--------+--------+--------+--------+-----+--------+
         Total |   1732 |   1531 |    201 |     84 |   1139 |   3 |  577.3 |
       Dungeon |   1732 |   1531 |    201 |     84 |   1139 |   3 |  577.3 |
               +--------+--------+--------+--------+--------+-----+--------+

Top non-repeatable levels by time:
     D:2: 841 daAuts
     D:1: 692 daAuts
     D:3: 198 daAuts
